Match 35841354
Unlisted

Match 35841354
End
Selects Airborne Battlegroup
Selects Heavy Machine Gun Paradrop
Heavy Machine Gun Paradrop
Construct Weapon Support Center
Engineer Squad
Heavy Machine Gun Paradrop
Construct Medical Station
Selects Paratrooper Squad Paradrop
Paratrooper Squad Paradrop
Mechanized Support Center
Engineer Squad
Selects Smoke Bombing Run
Paratrooper Squad Paradrop
Smoke Bombing Run
Construct Tank Depot
Smoke Bombing Run
M4A1 Sherman Medium Tank
M4A1 Sherman Medium Tank
Selects Supply Drop
Fortress85
Svenious Jakobus (GB)
Bruistablet
Professor gibberish
BenArtha
Keore
Schimmelhorst
Gubbagegg
0
0

Comments sign in to comment!

No comments posted yet!